Map: 亚历山大港 - 天梯版

Players

Maru - Winner!

  • Race: Terran Terran
  • League: Gold

Elazer

  • Race: Zerg Zerg

Event: WESG 2018 Grand Finals

VOD

Have the link to the VOD?

Description

Time

  • Played on: March 13, 2019, 6:59 a.m.
  • Length: 3:28

All games in this series

Show
View Real Time Build Order
Export as new Build Order

Maru Terran - Winner!

Build Orders:  

Get SALT Encoding   

  12  0:00  SCV  
  13  0:12  SCV  
  14  0:18  Supply Depot  
  14  0:25  SCV  
  15  0:40  Barracks  
  15  0:51  Barracks  
  15  0:55  SCV  
  16  1:07  SCV  
  16  1:09  Refinery  
  17  1:19  SCV  
  18  1:27  Marine  
  18  1:31  Orbital Command  
  19  1:38  Marine  
  20  1:44  Marine  
  20  1:46  Bunker  
  21  1:56  Supply Depot  
  21  1:59  Marine  
  22  2:05  Marine  
  23  2:18  SCV  
  23  2:21  Bunker  
  24  2:25  Marine  
  24  2:27  Marine  
  26  2:30  SCV  
  27  2:42  SCV  
  28  2:46  Factory  
  28  2:47  Marine  
  27  2:52  Marine  
  27  2:55  SCV  
  29  3:03  Supply Depot  
  29  3:11  SCV  
Show
View Real Time Build Order
Export as new Build Order

Elazer Zerg 

Build Orders: Hatch First 

Get SALT Encoding   

  12  0:00  Drone  
  13  0:12  Overlord  
  13  0:17  Drone  
  14  0:31  Drone x2  
  16  0:48  Hatchery  
  15  0:51  Drone  
  15  0:55  Drone  
  17  0:59  Drone  
  18  1:09  Extractor  
  17  1:14  Spawning Pool  
  17  1:18  Drone  
  17  1:21  Drone  
  18  1:32  Drone  
  19  1:42  Drone  
  20  2:01  Queen  
  20  2:02  Spine Crawler, Zergling x6  
  24  2:11  Zergling x2  
  25  2:16  Zergling x2  
  26  2:25  Spine Crawler  
  26  2:28  Zergling x4  
  27  2:35  Zergling x2  
  27  2:42  Zergling x2  
  26  2:45  Queen  
  26  2:49  Zergling x2  
  26  2:52  Zergling x2  
  26  2:57  Spine Crawler  
  26  2:59  Zergling x2  
  26  3:04  Zergling x2  
Tags
 
Add a new tag
Caveats
  • Supply blocks, unpowered buildings, or Contaminate may cause inaccurate times.
  • Supply counts are checked every 10 seconds.